 Dungeon Crawl Stone Soup version 0.28.0-53-g5a82cb258f (webtiles) character file.

Game seed: 11172964783680786138

4031 issech the Spear-Bearer (level 10, -2/77 HPs)
             Began as a Minotaur Monk on June 22, 2022.
             Was a Priest of Hepliaklqana.
             Slain by a wyvern (10 damage)
             ... on level 8 of the Dungeon.
             The game lasted 00:26:04 (6833 turns).

issech the Spear-Bearer (Minotaur Monk)             Turns: 6833, Time: 00:26:05

Health: -2/77      AC:  8    Str: 17    XL:     10   Next: 4%
Magic:  0/9        EV: 16    Int: 13    God:    Hepliaklqana [***...]
Gold:   579        SH:  0    Dex: 20    Spells: 9/9 levels left

rFire   . . .      SeeInvis .   Z - +3 battleaxe (freeze)
rCold   . . .      Faith    .   (shield currently unavailable)
rNeg    . . .      Spirit   +   n - +3 leather armour "Zexomuu" {rPois Dex+4}
rPois   +          Reflect  .   (helmet restricted)
rElec   .          Harm     .   (no cloak)
rCorr   .          Rampage  .   (no gloves)
Will    .....                   L - +0 pair of boots
Stlth   +++.......              D - amulet of guardian spirit
HPRegen 0.22/turn               E - +6 ring of intelligence
MPRegen 0.11/turn               (no ring)

@: no status effects
A: reduced essence, horns 2, retaliatory headbutt
a: Renounce Religion, Recall Ancestor, Ancestor Identity, Transference


You were on level 8 of the Dungeon.
You worshipped Hepliaklqana.
Hepliaklqana was most pleased with you.
You visited 2 branches of the dungeon, and saw 9 of its levels.

You collected 579 gold pieces.

Inventory:

Hand Weapons
 A - a +0 shortbow
 B - a +2 trident of protection
 F - a +2 short sword of electrocution
 N - the +10 whip of Inquiry {vorpal, Fragile rN++}
   (You found it on level 6 of the Dungeon)

   It inflicts extra damage upon your enemies.
   rN:        It greatly protects you from negative energy.
   Fragile:   It will be destroyed if unequipped.
 U - a +2 vorpal halberd
 Y - a +5 hand axe
 Z - a +3 battleaxe of freezing (weapon)
Missiles
 a - 3 atropa-tipped darts
 b - 117 sling bullets
 e - 103 arrows
 f - 203 stones (quivered)
 j - 89 bolts
 r - 3 curare-tipped darts
 R - 18 poisoned darts
 X - 2 javelins
Armour
 c - +0 steam dragon scales
 n - the +3 leather armour "Zexomuu" (worn) {rPois Dex+4}
   (You found it on level 2 of the Dungeon)

   Dex:       It affects your dexterity (+4).
   rPois:     It protects you from poison.
 L - a +0 pair of boots (worn)
 W - a +4 scale mail
Jewellery
 D - an amulet of guardian spirit (around neck)
 E - a +6 ring of intelligence (left hand)
 M - an amulet of faith
Wands
 C - a wand of acid (22)
 P - a wand of iceblast (12)
 T - a wand of paralysis (9)
Scrolls
 h - a scroll of fog
 p - 3 scrolls of teleportation
 v - 2 scrolls of magic mapping
 y - 2 scrolls of amnesia
 H - a scroll of fear {unknown}
 J - a scroll of blinking {unknown}
 S - a scroll of enchant weapon {unknown}
Potions
 d - a potion of might {unknown}
 g - a potion of cancellation {unknown}
 l - 5 potions of mutation {unknown}
 m - 4 potions of lignification {unknown}
 o - a potion of ambrosia {unknown}
 s - 2 potions of degeneration {unknown}
 u - a potion of resistance {unknown}
 w - a potion of flight {unknown}
 x - a potion of brilliance {unknown}
 G - a potion of heal wounds {unknown}
 K - a potion of haste
 Q - 2 potions of curing {unknown}


   Skills:
 + Level 7.4 Fighting
 + Level 5.3 Short Blades
 + Level 6.3(8.2) Axes
 + Level 8.1(9.1) Polearms
 + Level 1.3 Throwing
 + Level 5.5 Armour
 + Level 7.4 Dodging
 + Level 4.9 Stealth


You had 9 spell levels left.
You didn't know any spells.
Your spell library contained the following spells:

 Spells                   Type           Power      Damage    Failure   Level
 Blink                    Tloc           0%         N/A       50%         2
 Ignite Poison            Fire/Tmut/Pois 0%         N/A       73%         3
 Mephitic Cloud           Conj/Pois/Air  0%         N/A       73%         3
 Airstrike                Air            0%         N/A       98%         4
 Animate Armour           Summ/Erth      0%         N/A       98%         4
 Summon Lightning Spire   Summ/Air       0%         N/A       98%         4
 Blade Hands              Tmut           0%         N/A       100%        5
 Freezing Cloud           Conj/Ice/Air   0%         6-21      100%        5
 Lightning Bolt           Conj/Air       0%         1d11      100%        5
 Manifold Assault         Tloc           0%         N/A       100%        5
 Iron Shot                Conj/Erth      0%         9d1       100%        6
 Storm Form               Tmut/Air       0%         N/A       100%        7


Dungeon Overview and Level Annotations

Branches:
Dungeon (8/15)             Temple (1/1) D:4            Lair (0/6) D:8

Altars:
Ashenzari
Cheibriados
Dithmenos
Fedhas
Gozag
Hepliaklqana
Kikubaaqudgha
Makhleb
Nemelex Xobeh
Okawaru
Qazlal
Ru
Sif Muna
Trog
Uskayaw
Vehumet
Wu Jian
Xom
Zin
The Shining One

Shops:
D:2 [   D:3 [   D:6 (

Annotations:
D:8 1 runed translucent door, Agrostarius's ghost, novice MiFi


Innate Abilities, Weirdness & Mutations

Your life essence is reduced to manifest your ancestor. (-10% HP)
You have a pair of horns on your head.
You reflexively headbutt those who attack you in melee.


Message History

The yak is heavily wounded.
You closely miss the wyvern. You slash the fungus! You freeze the fungus.
A nearby fungus withers and dies.
The wyvern completely misses you. The yak closely misses you.
Numeria barely misses the yak.
The wyvern bites you. The black bear barely misses you.
The black bear claws you but does no damage. x2
The yak gores you!
You hit the yak but do no damage. Your headbutt misses the yak.
The yak is heavily wounded.
You barely miss the wyvern. You barely miss the black bear.
The wyvern barely misses you. You furiously retaliate!
You headbutt the wyvern.
Numeria hits the yak with a +0 quarterstaff!
The black bear bites you! The black bear claws you.
The black bear claws you but does no damage.
The wyvern bites you! The yak misses you. You furiously retaliate!
You headbutt the yak, but do no damage.
Numeria hits the yak with a +0 quarterstaff!
The yak dies!
The wyvern misses you. The black bear barely misses you. x2
The black bear claws you. The basilisk closely misses you.
Numeria hits the black bear with a +0 quarterstaff.
The wyvern closely misses you.
You see here a yak corpse.
You barely miss the basilisk. You completely miss the black bear.
You closely miss the wyvern. The basilisk bites you.
The black bear bites you but does no damage.
The black bear misses you. The black bear completely misses you.
The wyvern completely misses you. You furiously retaliate!
You headbutt the wyvern.
Numeria points at the black bear and mumbles some strange words.
The puff of frost hits the black bear!
You completely miss the basilisk. You hit the wyvern. You freeze the wyvern.
You barely miss the black bear. The wyvern bites you!
* * * LOW HITPOINT WARNING * * *
The black bear misses you.
The black bear claws you but does no damage.
The black bear misses you. The basilisk bites you!
* * * LOW HITPOINT WARNING * * *
The wyvern bites you!
You die...

...## ##.........# ..##
####...######..# ###
#...# ....# #...#
##.#..# ######.....##
##.##.........
#..#..P.....P.
#....l.....P.
#....@l.>....
#...Rh.......
#.#..........
############.##.........
.............####.....##
############........[...
#[.......#####
#......... #....#.###


You could see the friendly Numeria the battlemage, a basilisk, a black bear
(ally target) and a wyvern.

Vanquished Creatures
  A two-headed ogre (D:8)
  Maggie (D:7)
  A steam dragon (D:8)
  2 black bears
  An ice beast (D:6)
  An orc warrior (D:8)
  A sky beast (D:7)
  A kobold brigand (D:7)
  A scorpion (D:5)
  A water moccasin zombie (D:7)
  4 wights (D:7)
  A centaur skeleton (D:6)
  2 jellies
  2 orc priests (D:8)
  5 iguanas
  3 orc wizards
  A howler monkey zombie (D:5)
  5 gnolls
  2 howler monkey skeletons
  4 adders
  An ufetubus (D:5)
  3 worms
  A dart slug (D:2)
  18 orcs
  6 ball pythons
  7 endoplasms
  3 giant cockroaches
  4 goblins
  7 hobgoblins
  12 jackals
  8 kobolds
  3 quokkas
  3 bats
  6 frilled lizards
  10 rats
132 creatures vanquished.

Vanquished Creatures (collateral kills)
  The ghost of Kranky the Skirmisher, an amateur OpFi (D:4)
  Prince Ribbit (D:5)
  A yak (D:8)
  A water moccasin (D:5)
  2 black bears
  2 ogres
  A centaur (D:4)
  A phantom (D:6)
  A bullfrog (D:5)
  A scorpion (D:6)
  A howler monkey (D:7)
  A centaur zombie (D:7)
  A hound (D:5)
  3 jellies
  An orc priest (D:7)
  2 iguanas (D:6)
  An orc wizard (D:8)
  A killer bee zombie (D:8)
  2 gnolls
  An adder (D:6)
  A white imp (D:7)
  An adder skeleton (D:4)
  15 orcs
43 creatures vanquished.

Vanquished Creatures (others)
  2 battlemagi (D:8)
  2 fungi
4 creatures vanquished.

Grand Total: 179 creatures vanquished

Notes
Turn   | Place    | Note
-------+----------+-------------------------------------------
     0 | D:1      | issech the Minotaur Monk began the quest for the Orb.
     0 | D:1      | Reached XP level 1. HP: 19/19 MP: 0/0
   118 | D:1      | Reached XP level 2. HP: 24/27 MP: 1/1
   753 | D:1      | Reached XP level 3. HP: 33/33 MP: 2/2
  1391 | D:2      | Found a faded altar of an unknown god.
  1433 | D:2      | Identified the +3 leather armour "Zexomuu" {rPois Dex+4}
  1526 | D:2      | Found Caaschis's Antique Armour Shop.
  1909 | D:3      | Reached XP level 4. HP: 39/40 MP: 3/3
  1952 | D:3      | Found a blossoming altar of Fedhas.
  2017 | D:3      | Reached skill level 1 in Short Blades
  2093 | D:3      | Found Jyicsyow's Antique Armour Shop.
  2485 | D:4      | Reached skill level 1 in Armour
  2533 | D:4      | Reached XP level 5. HP: 46/47 MP: 4/4
  2533 | D:4      | Noticed a black bear
  2539 | D:4      | Noticed a black bear
  2556 | D:4      | Killed a black bear
  2566 | D:4      | Found a staircase to the Ecumenical Temple.
  2587 | Temple   | Entered the Ecumenical Temple
  2619 | Temple   | Became a worshipper of Hepliaklqana the Forgotten
  2619 | Temple   | Reached * piety under Hepliaklqana
  2619 | Temple   | Reached ** piety under Hepliaklqana
  2620 | Temple   | Remembered your ancestor Numeria as a battlemage
  2683 | D:4      | Killed a black bear
  2684 | D:4      | Reached XP level 6. HP: 44/49 MP: 5/5
  2738 | D:4      | Found a runed translucent door.
  2741 | D:4      | Noticed Kranky's ghost (amateur OpFi)
  2896 | D:4      | Found a broken altar of Ashenzari.
  2945 | D:4      | Found a sparkling altar of Nemelex Xobeh.
  3126 | D:4      | Reached skill level 5 in Fighting
  3129 | D:4      | Killed Kranky's ghost
  3130 | D:4      | Reached skill level 5 in Dodging
  3130 | D:4      | Reached XP level 7. HP: 53/54 MP: 6/6
  3166 | D:5      | Entered Level 5 of the Dungeon
  3557 | D:5      | Reached skill level 1 in Polearms
  3661 | D:5      | Noticed Prince Ribbit
  3667 | D:5      | Killed Prince Ribbit
  3668 | D:5      | Reached skill level 2 in Polearms
  3668 | D:5      | Reached XP level 8. HP: 62/62 MP: 7/7
  3689 | D:5      | Reached skill level 5 in Short Blades
  3689 | D:5      | Reached skill level 5 in Armour
  3913 | D:6      | Found a burning altar of Makhleb.
  4061 | D:6      | Found Jiygetz's Antique Weapon Shoppe.
  4075 | D:6      | Found a hide-covered altar of Uskayaw.
  4099 | D:6      | Reached skill level 3 in Polearms
  4172 | D:6      | Reached skill level 4 in Polearms
  4219 | D:6      | Reached skill level 1 in Throwing
  4413 | D:6      | Reached skill level 5 in Polearms
  4528 | D:6      | Identified the +10 whip of Inquiry {vorpal, Fragile rN++}
  4538 | D:6      | Reached *** piety under Hepliaklqana
  4546 | D:6      | Found a snail-covered altar of Cheibriados.
  4690 | D:6      | Found a glowing golden altar of the Shining One.
  4814 | D:6      | Found a sacrificial altar of Ru.
  4886 | D:7      | Found an opulent altar of Gozag.
  4968 | D:7      | Reached XP level 9. HP: 62/69 MP: 8/8
  5077 | D:7      | Reached skill level 6 in Polearms
  5270 | D:7      | Noticed Maggie
  5284 | D:7      | Killed Maggie
  5532 | D:7      | Reached skill level 7 in Polearms
  6122 | D:8      | Found a runed translucent door.
  6129 | D:8      | Noticed Agrostarius's ghost (novice MiFi)
  6226 | D:8      | Found an iron altar of Okawaru.
  6485 | D:8      | Reached skill level 5 in Axes
  6675 | D:8      | Noticed a two-headed ogre
  6680 | D:8      | Killed a two-headed ogre
  6681 | D:8      | Reached skill level 8 in Polearms
  6681 | D:8      | Reached XP level 10. HP: 53/77 MP: 5/9
  6821 | D:8      | Found a staircase to the Lair.
  6833 | D:8      | Slain by a wyvern

Illustrated notes

Levels and vault maps discovered:
D:1:      ncdulo_lavacross, layout_loops_cross, minmay_misc_feat_more_columns
D:2:      layout_basic, serial_shops, shop, basic_ecumenical_altar
D:3:      layout_rooms, fedhas_altar_fruit_tree, serial_shops, shop
D:4:      layout_rooms, nemelex_altar_shiori, lemuel_doored_altar,
          minmay_temple_entry_slanted, ebering_ghost_inner_flame
D:5:      layout_loops_ring, corexii_item_surrounded_by_moat,
          uniq_prince_ribbit1
D:6:      layout_loops_ring, mainiacjoe_overflow_alcove_2, lemuel_tele_altar,
          nicolae_ru_path_of_blood, mainiacjoe_overflow_boulevard,
          kennysheep_little_box, kennysheep_windowed_goal
D:7:      layout_basic, mainiacjoe_overflow_paths, grunt_ministairs_2,
          uniq_maggie
D:8:      layout_loops_ring, okawaru_ov_weapons_minmay, david_lair_generic,
          hellmonk_ghost_big_iron, supply_closet_lemuel
Temple:   eino_temple_lava

Skill      XL: |  1  2  3  4  5  6  7  8  9 |
---------------+----------------------------+-----
Fighting       | 4 5 6 7 |  7.4
Axes           | 4 6 |  6.3
Dodging        | 4 5 6 7 |  7.4
Short Blades   | 1 3 4 5 |  5.3
Armour         | 1 3 4 5 |  5.5
Stealth        | 2 3 4 |  4.9
Polearms       | 2 5 8 |  8.1
Throwing       | 1 |  1.3

Action                   |  1- 3 |  4- 6 |  7- 9 | 10-12 || total
-------------------------+-------+-------+-------+-------++-------
Melee: Dagger            |    89 |    57 |       |       ||   146
       Hand axe          |     5 |       |       |       ||     5
       Headbutt          |    13 |    15 |    41 |     1 ||    70
       Punch             |     2 |       |     3 |       ||     5
       Trident           |       |       |   139 |       ||   139
       Battleaxe         |       |       |    27 |     6 ||    33
Throw: Stone             |       |     1 |     8 |       ||     9
Invok: Ancestor Life: Ba |       |     1 |       |       ||     1
  Use: Scroll            |       |       |     6 |       ||     6
 Stab: Sleeping          |     3 |     1 |     2 |       ||     6
       Distracted        |       |       |     1 |       ||     1
Armor: Robe              |     5 |       |       |       ||     5
       Ring mail         |     6 |       |       |       ||     6
       Leather armour    |     4 |    17 |    60 |     7 ||    88
Dodge: Dodged            |    73 |    38 |   143 |    16 ||   270
